 Dungeon Crawl Stone Soup version 0.29.0-4-gdea44cf6ec (webtiles) character file.

Game seed: 9651639526370876914

9 qw the Chopper (level 2, -3/17 HPs)
             Began as a Tengu Warper on Aug 28, 2022.
             Slain by Natasha (4 damage)
             ... on level 2 of the Dungeon.
             The game lasted 00:00:03 (874 turns).

qw the Chopper (Tengu Warper)                        Turns: 874, Time: 00:00:03

Health: -3/17      AC:  3    Str: 11    XL:     2   Next: 16%
Magic:  6/6        EV: 11    Int: 13    God:
Gold:   35         SH:  0    Dex: 13    Spells: 5/5 levels left

rFire   . . .      SeeInvis .   Y - +0 hand axe
rCold   . . .      Faith    .   (no shield)
rNeg    . . .      Spirit   .   b - +0 leather armour
rPois   .          Reflect  .   (helmet restricted)
rElec   .          Harm     .   (no cloak)
rCorr   .          Rampage  .   (no gloves)
Will    .....                   (boots unavailable)
Stlth   +.........              (no amulet)
HPRegen 0.05/turn               (no ring)
MPRegen 0.10/turn               (no ring)

@: no status effects
A: beak, talons 3
a: no special abilities


You were on level 2 of the Dungeon.
You visited 1 branch of the dungeon, and saw 2 of its levels.

You collected 65 gold pieces.
You spent 30 gold pieces at shops.


Innate Abilities, Weirdness & Mutations

You have a beak for a mouth.
You have claws for feet.


   Skills:
 - Level 2.0 Fighting
 + Level 3.1 Axes
 - Level 1.0 Throwing
 - Level 1.1 Armour
 - Level 2.1 Dodging
 - Level 2.0 Spellcasting
 - Level 2.4 Translocations


You had 5 spell levels left.
You didn't know any spells.
Your spell library contained the following spells:

 Spells                   Type           Power      Damage    Failure   Level
 Blink                    Tloc           14%        N/A       19%         2
 Gell's Gravitas          Tloc           7%         N/A       36%         3
 Lesser Beckoning         Tloc           7%         N/A       36%         3
 Teleport Other           Tloc           7%         N/A       36%         3
 Manifold Assault         Tloc           7%         N/A       98%         5

Inventory:

Hand Weapons
 d - a +0 mace
 Y - a +0 hand axe (weapon)
Armour
 b - a +0 leather armour (worn)

Dungeon Overview and Level Annotations

Branches:
Dungeon (2/15)

Altars:

Shops:
D:1 (   D:2 (

Annotations:
D:2 Natasha


Message History

A goblin comes into view. It is wielding a +0 club.
The goblin shouts!
The goblin unwields a +0 club.
The goblin wields a +0 sling.
The goblin shoots a sling bullet.
The sling bullet hits you.
The goblin unwields a +0 sling.
The goblin wields a +0 club.
The goblin hits you with a +0 club.
You hit the goblin.
You kill the goblin!
You hit the plant.
The plant begins to die.
You hit the plant but do no damage.
You start resting.
A nearby plant withers and dies.
HP restored.
There is an entrance to Ruaskef's Antique Weapon Boutique here.
You open the door.
Found a stone staircase leading up.
You open the door.
There is an open door here.
You open the door.
Natasha, Servant of Life and Death comes into view.
Natasha hisses angrily.
Found a scroll labelled XIKKOAR PUMIAG and a pair of gloves.
Found a mace.
Natasha claws you.
There is an open door here.
You hit Natasha.
Natasha is lightly wounded.
Natasha claws you.
You hit Natasha but do no damage.
Natasha is lightly wounded.
Natasha barely misses you.
You hit Natasha. You claw Natasha, but do no damage.
Natasha is lightly wounded.
Natasha claws you! Natasha claws you but does no damage.
You barely miss Natasha. You claw Natasha!
Natasha is heavily wounded.
Natasha misses you.
You closely miss Natasha. Your kick misses Natasha.
Natasha is heavily wounded.
Natasha claws you.
You die...

##..# #.. #...# #.)
#####.#.#
#[..+.....#<#
.#...###....##
.......#....###
..?....#......#
.......#......#
......h@......#####
.......###........#
####+###.+....PPP.#
#.#.....\..#
#.#...).PP.#
#.'........#
###.......##
##'###### #<#


You could see Natasha.

Vanquished Creatures
  An endoplasm (D:1)
  A goblin (D:2)
  2 hobgoblins (D:1)
  2 kobolds (D:1)
  A frilled lizard (D:1)
  2 rats (D:1)
9 creatures vanquished.

Vanquished Creatures (others)
  A plant (D:2)
1 creature vanquished.

Grand Total: 10 creatures vanquished

Notes
Turn   | Place    | Note
-------+----------+-------------------------------------------
     0 | D:1      | qw the Tengu Warper began the quest for the Orb.
     0 | D:1      | Reached XP level 1. HP: 12/12 MP: 4/4
     0 | D:1      | 0 ||| qw: Version: 0.1-a-89-g26bdef1
     0 | D:1      | 0 ||| qw: Game counter: 1490
     0 | D:1      | 0 ||| qw: Always use a shield: true
     0 | D:1      | 0 ||| qw: God list: Okawaru
     0 | D:1      | 0 ||| qw: Allow faded altars: false
     0 | D:1      | 0 ||| qw: Do Orc after D:15 true
     0 | D:1      | 0 ||| qw: Do second Lair branch before Depths: true
     0 | D:1      | 0 ||| qw: Lair rune preference: random
     0 | D:1      | 0 ||| qw: Plans: Normal
     0 | D:1      | 0 ||| PLANNING D:1-11
    71 | D:1      | Found Domni's Weapon Shop.
    93 | D:1      | 93 ||| BUYING +0 mace (30 gold).
    93 | D:1      | Bought a +0 mace for 30 gold pieces
   164 | D:1      | Found a faded altar of an unknown god.
   232 | D:1      | Reached XP level 2. HP: 12/17 MP: 6/6
   635 | D:1      | Reached skill level 3 in Axes
   710 | D:1      | 710 ||| READING scroll labelled QUEG WASTRAEJAU.
   711 | D:1      | 711 ||| DROPPING scroll of blinking.
   723 | D:2      | Found Ruaskef's Antique Weapon Boutique.
   868 | D:2      | Noticed Natasha
   872 | D:2      | HP: 1/17 [Natasha (7)]
   874 | D:2      | Slain by Natasha

Levels and vault maps discovered:
D:1:      wander_arrival_chamber, layout_loops_ring,
          shapermc_ecumenical_altar_starsandcircs, serial_shops, shop_statue,
          corexii_item_surrounded_by_moat
D:2:      layout_basic, serial_shops, nicolae_shop_overgrown_old_shop,
          grunt_decor_cap, minmay_misc_feat_rugged, uniq_natasha, uniq_jessica

Skill      XL: |  1  2 |
---------------+-------+-----
Axes           | 3 |  3.1
Fighting       | |  2.0
Throwing       | |  1.0
Armour         | |  1.1
Dodging        | |  2.1
Spellcasting   | |  2.0
Translocations | |  2.4

Action                   || total
-------------------------++-------
Melee: Hand axe          ||    18
       Kick              ||     5
       Peck              ||     2
Throw: Boomerang         ||     7
  Use: Scroll            ||     1
Armor: Leather armour    ||     1
Dodge: Dodged            ||     5

Table legend:
 A = Non-vault XP
 B = Vault XP
 C = Vault XP percentage of total XP
 D = Non-vault monster count
 E = Vault monster count
 F = Vault count percentage of total count
                 A         B        C        D         E       F
            +---------+---------+-------+---------+---------+-------
      Total |      14 |       0 |   0.0 |       9 |       0 |   0.0
            +---------+---------+-------+---------+---------+-------
        D:1 |      12 |       0 |   0.0 |       8 |       0 |   0.0
        D:2 |       2 |       0 |   0.0 |       1 |       0 |   0.0
            +---------+---------+-------+---------+---------+-------
